 Dungeon Crawl Stone Soup version 0.30.0-10-gfe55d96785 (webtiles) character file.

Game seed: 2490828522742594170

10463 AlmostDecent the Skirmisher (level 11, -4/72 HPs)
             Began as a Gargoyle Hunter on May 13, 2023.
             Was a Follower of Ashenzari.
             Slain by a large slime creature (30 damage)
             ... in an ice cave.
             The game lasted 00:36:01 (6989 turns).

AlmostDecent the Skirmisher (Gargoyle Hunter)       Turns: 6989, Time: 00:36:02

Health: -4/72      AC: 27    Str: 20    XL:     11   Next: 62%
Magic:  11/11      EV: 10    Int: 10    God:    Ashenzari [*.....]
Gold:   830        SH:  0    Dex: 17    Spells: 10/10 levels left

rFire   + . .        a - +1 shortbow (freeze)
rCold   + + .        (shield currently unavailable)
rNeg    + . .        f - +0 chain mail {rC+}
rPois   ∞            k - +1 helmet "Circumscribed Mutualism" {Cun, Melee} (curse)
rElec   +            z - +2 cloak {Stlth+}
rCorr   .            n - +0 pair of gloves "Bound Together" {Evo, Self} (curse)
SInv    .            i - +2 pair of boots {Fly}
Will    .....        d - amulet of regeneration
Stlth   +            g - +4 ring of slaying
HPRegen 1.12/turn    H - ring of Odyopnel {*Corrode rElec rF+ rC+ Str+5}
MPRegen 0.12/turn

%: corrode self (3%)
@: flying
A: sickness immunity, AC +8, negative energy resistance 1, electricity
resistance, torment resistance 1, petrification resistance, hooves 1, wild magic
1, MP-powered wands
a: Renounce Religion, Shatter the Chains


You were in an ice cave.
You worshipped Ashenzari.
Ashenzari was aware of your devotion.
You visited 2 branches of the dungeon, and saw 12 of its levels.
You also visited: Ice Cave.

You collected 830 gold pieces.

Inventory:

Hand Weapons
 a - a +1 shortbow of freezing (weapon)
 A - the +9 hammer of Laceration {flame, rF- Will++ Str+5}
   (You found it on level 6 of the Dungeon)

   Str:       It affects your strength (+5).
   rF:        It makes you vulnerable to fire.
   Will:      It greatly increases your willpower.
 E - a +2 demon blade of freezing
 R - the +6 broad axe of Zodus {vamp, rN+ Int+3}
   (You found it on level 11 of the Dungeon)

   Int:       It affects your intelligence (+3).
   rN:        It protects you from negative energy.
Missiles
 o - a throwing net
Armour
 c - a +0 leather armour
 f - a +0 chain mail of cold resistance (worn)
 i - a +2 pair of boots of flying (worn)
 k - the cursed +1 helmet "Circumscribed Mutualism" (worn) {Cun, Melee}
   (You found it on level 1 of the Dungeon)

   It has a curse which improves the following skills: Cunning: Dodging and
   Stealth.
   Melee Combat: Short Blades, Long Blades, Axes, Maces & Flails, Polearms,
   Staves and Unarmed Combat.
 n - the cursed +0 pair of gloves "Bound Together" (worn) {Evo, Self}
   (You found it on level 3 of the Dungeon)

   It has a curse which improves the following skills: Evocations: Evocations.
   Introspection: Fighting and Spellcasting.
 z - a +2 cloak of stealth (worn)
Jewellery
 d - an amulet of regeneration (around neck)
 e - a ring of see invisible
 g - a +4 ring of slaying (left hand)
 r - a ring of protection from cold
 v - a +5 ring of evasion
 H - the ring of Odyopnel (right hand) {*Corrode rElec rF+ rC+ Str+5}
   (You found it on level 8 of the Dungeon)

   [ring of protection from fire]

   Str:       It affects your strength (+5).
   rF:        It protects you from fire.
   rC:        It protects you from cold.
   rElec:     It insulates you from electricity.
   *Corrode:  It may corrode you when you take damage.
 J - a +4 ring of protection
 M - a ring of fire
 Q - a ring of willpower
Wands
 m - a wand of light (23)
 p - a wand of roots (23)
 s - a wand of flame (52)
 u - a wand of digging (5)
 F - a wand of paralysis (3)
Scrolls
 b - 3 scrolls of immolation
 h - 8 scrolls of teleportation
 l - 2 scrolls of magic mapping
 w - 3 scrolls of brand weapon
 B - a scroll of blinking
 C - 5 scrolls of identify
 D - 3 scrolls of fog
 K - a scroll of enchant armour
 N - a scroll of amnesia
Potions
 j - a potion of magic
 t - a potion of berserk rage
 x - a potion of flight
 G - a potion of cancellation
 L - a potion of curing
 O - 2 potions of resistance
 P - a potion of haste


   Skills:
 + Level 9.4(10.2) Fighting
 + Level 0.9(1.4) Maces & Flails
 + Level 0.5(1.1) Staves
 + Level 14.6 Ranged Weapons
 + Level 4.2 Armour
 + Level 4.7(5.4) Dodging
 + Level 3.2(3.9) Stealth


You had 10 spell levels left.
You didn't know any spells.
Your spell library contained the following spells:

 Spells                   Type           Power      Damage    Failure   Level
 Apportation              Tloc           0%         N/A       97%         1
 Magic Dart               Conj           0%         1d3       97%         1
 Slow                     Hex            0%         N/A       97%         1
 Call Imp                 Summ           0%         N/A       99%         2
 Confusing Touch          Hex            0%         N/A       100%        3
 Dazzling Flash           Conj/Hex       0%         N/A       100%        3
 Mephitic Cloud           Conj/Pois/Air  0%         N/A       100%        3
 Portal Projectile        Hex/Tloc       0%         N/A       100%        3
 Teleport Other           Tloc           0%         N/A       100%        3
 Tukima's Dance           Hex            0%         N/A       100%        3
 Vampiric Draining        Necr           0%         2d6       100%        3
 Animate Armour           Summ/Erth      0%         N/A       100%        4
 Iskenderun's Mystic Bla  Conj/Tloc      0%         2d3       100%        4
 Passage of Golubria      Tloc           0%         N/A       100%        4
 Agony                    Necr           0%         N/A       100%        5
 Alistair's Intoxication  Tmut/Pois      0%         N/A       100%        5
 Blade Hands              Tmut           0%         N/A       100%        5
 Silence                  Hex/Air        0%         N/A       100%        5
 Malign Gateway           Summ/Tloc      0%         N/A       100%        7
 Summon Horrible Things   Summ           0%         N/A       100%        8


Dungeon Overview and Level Annotations

Branches:
Dungeon (11/15)            Temple (1/1) D:6            Lair (0/5) D:9
  IceCv (1/1)
    Orc: D:9-12

Altars:
Ashenzari
Cheibriados
Dithmenos
Elyvilon
Fedhas
Gozag
Hepliaklqana
Kikubaaqudgha
Makhleb
Nemelex Xobeh
Okawaru
Qazlal
Ru
Sif Muna
Trog
Uskayaw
Vehumet
Wu Jian
Xom
Yredelemnul
Zin
The Shining One

Shops:
D:4 (   D:8 =?*

Annotations:
D:1 2 transporters IceCv exclusion: ice statue


Innate Abilities, Weirdness & Mutations

You are immune to sickness and miasma.
Your stone body is resilient. (AC +8)
You are immune to poison.
You resist negative energy. (rN+)
You are resistant to electric shocks. (rElec)
You are resistant to unholy torment.
You are immune to petrification.
You have large cloven feet.
Your spells are a little harder to cast, but a little more powerful.
You expend magic power (3 MP) to strengthen your wands.


Message History

The slime creature hits you but does no damage.
You shoot an arrow.
The arrow barely misses the large slime creature.
The large slime creature hits you! The slime creature closely misses you.
You are too injured to fight recklessly!
You are too injured to fight recklessly!
You are too injured to fight recklessly!
You are too injured to fight recklessly!
Fire: a) +1 shortbow (freeze)
Press: ? - help, Q - select action, (/) - cycle Shift-Dir - straight line, f/p - large slime creature
Aim: a large slime creature (severely wounded, 88% to hit)
You shoot an arrow.
The arrow hits the large slime creature!
The arrow freezes the large slime creature.
The large slime creature is severely wounded.
The large slime creature barely misses you.
The slime creature hits you but does no damage.
Fire: a) +1 shortbow (freeze)
Press: ? - help, Q - select action, (/) - cycle Shift-Dir - straight line, f/p - large slime creature
Aim: a large slime creature (severely wounded, 88% to hit)
You shoot an arrow.
The arrow hits the large slime creature.
The arrow freezes the large slime creature.
The large slime creature is severely wounded.
The large slime creature hits you!!
* * * LOW HITPOINT WARNING * * *
The slime creature hits you.
* * * LOW HITPOINT WARNING * * *
The slime creature hits you.
* * * LOW HITPOINT WARNING * * *
You feel much better. The large slime creature hits you!!
* * * LOW HITPOINT WARNING * * *
The slime creature closely misses you.
You feel much better. The large slime creature hits you.
The slime creature hits you but does no damage.
The slime creature attacks as you move away!
The slime creature barely misses you.
The large slime creature attacks as you move away!
The large slime creature hits you!!
You die...

#.....# #.....
#...J #..8 #..##
#..## #..Z##
##.JJ# #..@##..
#....#..
.....#..#..##
..#...##.##°.#
##..##..#..# ###
#..##..##.####.##
##. #...#..##...#
##..#...?.∩∩#
##..#..##...#


You could see a large slime creature, a slime creature and a shapeshifter
simulacrum.

Vanquished Creatures
  A quicksilver ooze (IceCv)
  A two-headed ogre (D:10)
  A wizard (D:9)
  An ugly thing (D:9)
  A kobold demonologist (D:9)
  An unseen horror (D:10)
  A vampire (D:10)
  4 wyverns
  11 yaks (D:10)
  A steam dragon (D:9)
  An acid dragon (D:10)
  3 water moccasins
  Duvessa (D:6)
  An ice beast (D:5)
  A black bear (D:9)
  5 orc warriors
  A great orb of eyes simulacrum (IceCv)
  An ogre (D:7)
  2 centaurs
  2 slime creature simulacra (IceCv)
  A phantom (D:4)
  6 kobold brigands
  4 bullfrogs
  A glowing shapeshifter simulacrum (IceCv)
  5 scorpions
  17 wights
  Dowan (D:6)
  5 howler monkeys
  3 hounds
  A gnoll bouda (D:6)
  7 orc priests
  2 jellies (D:6)
  Crazy Yiuf (D:6)
  5 sleepcaps
  Natasha (thrice) (D:2)
  2 iguanas (D:7)
  19 orc wizards
  Ijyb (D:3)
  Robin (D:3)
  11 gnolls
  11 adders
  A white imp (D:7)
  An ufetubus (D:5)
  A worm (D:2)
  3 dart slugs
  42 orcs
  3 ball pythons
  6 bats
  9 endoplasms
  A giant cockroach (D:2)
  3 goblins
  10 hobgoblins
  6 jackals
  32 kobolds
  4 quokkas
  2 frilled lizards
  6 rats
278 creatures vanquished.

Notes
Turn   | Place    | Note
-------+----------+-------------------------------------------
     0 | D:1      | AlmostDecent the Gargoyle Hunter began the quest for the
                  | Orb.
     0 | D:1      | Reached XP level 1. HP: 12/12 MP: 1/1
    43 | D:1      | Got the Exposition on the Ground and Distance
    96 | D:1      | Reached XP level 2. HP: 17/17 MP: 2/2
   660 | D:1      | Reached XP level 3. HP: 22/22 MP: 3/3
   683 | D:1      | Reached skill level 5 in Ranged Weapons
   694 | D:2      | Reached skill level 1 in Armour
   756 | D:2      | Reached XP level 4. HP: 27/27 MP: 4/4
   797 | D:2      | Noticed Natasha
   799 | D:2      | Killed Natasha
   879 | D:2      | Reached XP level 5. HP: 32/32 MP: 5/5
   987 | D:2      | Noticed Natasha
   993 | D:2      | Killed Natasha
  1045 | D:2      | Found a faded altar of an unknown god.
  1105 | D:2      | Found a glowing silver altar of Zin.
  1216 | D:2      | Noticed Natasha
  1221 | D:2      | Killed Natasha
  1222 | D:2      | Reached skill level 6 in Ranged Weapons
  1582 | D:3      | Noticed Robin
  1582 | D:3      | Noticed Ijyb
  1592 | D:3      | Killed Ijyb
  1593 | D:3      | Reached XP level 6. HP: 25/37 MP: 6/6
  1613 | D:3      | Killed Robin
  1941 | D:4      | Found a glowing golden altar of the Shining One.
  1941 | D:4      | Found an ancient bone altar of Kikubaaqudgha.
  1942 | D:4      | Found a burning altar of Makhleb.
  1965 | D:4      | Reached skill level 7 in Ranged Weapons
  2027 | D:4      | Reached XP level 7. HP: 42/42 MP: 7/7
  2338 | D:4      | Found Nanot's Weapon Shop.
  2422 | D:5      | Entered Level 5 of the Dungeon
  2947 | D:5      | Reached skill level 8 in Ranged Weapons
  2947 | D:5      | Reached XP level 8. HP: 48/48 MP: 8/8
  3247 | D:6      | Reached skill level 5 in Fighting
  3292 | D:6      | Gained mutation: You have hidden genetic defects. [potion
                  | of mutation]
  3292 | D:6      | Gained mutation: Your spells are a little easier to cast,
                  | but a little less powerful. [potion of mutation]
  3292 | D:6      | Gained mutation: Your flesh is heat resistant. (rF+)
                  | [potion of mutation]
  3418 | D:6      | Gained mutation: You sometimes lose your temper in combat.
                  | [hidden defects]
  3419 | D:6      | Reached skill level 9 in Ranged Weapons
  3444 | D:6      | Found a staircase to the Ecumenical Temple.
  3453 | Temple   | Entered the Ecumenical Temple
  3460 | Temple   | Became a worshipper of Ashenzari the Shackled
  3497 | D:6      | Noticed Duvessa
  3497 | D:6      | Noticed Dowan
  3505 | D:6      | Killed Dowan
  3512 | D:6      | Killed Duvessa
  3532 | D:6      | Gained mutation: You occasionally lose the ability to read
                  | scrolls when taking damage. [hidden defects]
  3532 | D:6      | Lost mutation: You have hidden genetic defects. [hidden
                  | defects expressed]
  3615 | D:6      | Found a runed translucent door.
  3616 | D:6      | Noticed Crazy Yiuf
  3624 | D:6      | Killed Crazy Yiuf
  3631 | D:6      | Identified the +9 hammer of Laceration {flame, rF- Will++
                  | Str+5}
  3834 | D:7      | Reached XP level 9. HP: 55/55 MP: 9/9
  3863 | D:7      | Reached skill level 10 in Ranged Weapons
  4282 | D:8      | Found Ebaamimn's General Store.
  4282 | D:8      | Found Aluil's Magic Scroll Boutique.
  4282 | D:8      | Found Dinwas's Jewellery Boutique.
  4319 | D:8      | Identified the ring of Odyopnel {*Corrode rElec rF+ rC+
                  | Str+5}
  4499 | D:8      | Reached skill level 11 in Ranged Weapons
  4568 | D:8      | Found a radiant altar of Vehumet.
  4568 | D:8      | Found a hazy altar of Hepliaklqana.
  4568 | D:8      | Found a white marble altar of Elyvilon.
  4569 | D:8      | Found a bloodstained altar of Trog.
  4569 | D:8      | Found a glowing silver altar of Zin.
  4875 | D:8      | Reached XP level 10. HP: 63/63 MP: 10/10
  4903 | D:8      | Reached skill level 12 in Ranged Weapons
  4938 | D:8      | Found a basalt altar of Yredelemnul.
  4939 | D:8      | Lost mutation: Your spells are a little easier to cast, but
                  | a little less powerful. [potion of mutation]
  4939 | D:8      | Lost mutation: Your flesh is heat resistant. (rF+) [potion
                  | of mutation]
  4939 | D:8      | Lost mutation: You sometimes lose your temper in combat.
                  | [potion of mutation]
  4939 | D:8      | Gained mutation: You sometimes lose your temper in combat.
                  | [potion of mutation]
  5227 | D:9      | Found a sacrificial altar of Ru.
  5283 | D:9      | Noticed a kobold demonologist
  5295 | D:9      | Killed a kobold demonologist
  5375 | D:9      | Noticed a wizard
  5377 | D:9      | Noticed a green ugly thing
  5394 | D:9      | Killed a green ugly thing
  5395 | D:9      | Reached skill level 13 in Ranged Weapons
  5402 | D:9      | Killed a wizard
  5510 | D:9      | Found a staircase to the Lair.
  5745 | D:10     | Entered Level 10 of the Dungeon
  5867 | D:10     | Reached XP level 11. HP: 59/69 MP: 11/11
  5990 | D:10     | Found an ornate altar of the Wu Jian Council.
  6002 | D:10     | Lost mutation: You occasionally lose the ability to read
                  | scrolls when taking damage. [potion of mutation]
  6002 | D:10     | Lost mutation: You sometimes lose your temper in combat.
                  | [potion of mutation]
  6002 | D:10     | Gained mutation: Your spells are a little harder to cast,
                  | but a little more powerful. [potion of mutation]
  6002 | D:10     | Gained mutation: You have large cloven feet. [potion of
                  | mutation]
  6002 | D:10     | Gained mutation: You expend magic power (3 MP) to
                  | strengthen your wands. [potion of mutation]
  6018 | D:10     | Noticed a two-headed ogre
  6025 | D:10     | Killed a two-headed ogre
  6026 | D:10     | Reached skill level 14 in Ranged Weapons
  6641 | D:11     | Identified the +6 broad axe of Zodus {vamp, rN+ Int+3}
  6807 | D:11     | Found a frozen archway.
  6817 | IceCv    | Entered an ice cave
  6820 | IceCv    | Reached * piety under Ashenzari
  6894 | IceCv    | Noticed a quicksilver ooze
  6902 | IceCv    | Killed a quicksilver ooze
  6989 | IceCv    | Slain by a large slime creature

Illustrated notes

Levels and vault maps discovered:
D:1:      spicycebolla_arrival_transporter_tutorial, layout_basic
D:2:      layout_basic, hellmonk_ecumenical_altar_inner_sanctum, basic_altar,
          kennysheep_cluttered_room, hex_tiny, uniq_natasha
D:3:      layout_basic, nicolae_goblin_pals
D:4:      layout_gridville, gammafunk_temple_overflow_claw, serial_shops,
          nicolae_shop_crystal, st_stairs_8, dreamdust_gnoll_farm
D:5:      layout_loops_corners, mrwooster_statue_mirror, glass_columns_a,
          st_stairs_3, minmay_strange_pillars
D:6:      layout_cave_pools, minmay_temple_entry_trees, uniq_crazy_yiuf_cottage,
          uniq_duvessa
D:7:      layout_rooms, minmay_misc_feat_square
D:8:      layout_cave_pods, yredelemnul_altar_generic,
          grunt_temple_overflow_open, nicolae_shop_distant_corner_stores,
          dreamdust_wishing_well
D:9:      layout_basic, mainiacjoe_overflow_paths,
          grunt_lair_entry_orc_guard_hut, chequers_serial_rivers_room_b,
          minmay_checkerbox
D:10:     layout_irregular_city, nzn_wu_jian_contemplation
D:11:     layout_layer_cave, portal_ice_cave_entry_pillars_1
Temple:   minmay_freezing_vapour_temple
IceCv:    ice_cave_hellmonk_azure_passage

Skill      XL: |  1  2  3  4  5  6  7  8  9 10 11 |
---------------+----------------------------------+-----
Ranged Weapons | 5 6 7 8 9 11 13 14 | 14.6
Armour         | 1 2 3 4 |  4.2
Dodging        | 2 3 4 |  4.7
Fighting       | 3 4 5 6 8 9 |  9.4
Stealth        | 3 |  3.2
Maces & Flails | |  0.9
Staves         | |  0.5

Action                     |  1- 3 |  4- 6 |  7- 9 | 10-12 || total
---------------------------+-------+-------+-------+-------++-------
  Melee: Mace              |       |       |       |    11 ||    11
         Quarterstaff      |       |       |       |     9 ||     9
   Fire: Shortbow          |    85 |   149 |   389 |   362 ||   985
 Invoke: Curse Item        |       |       |     1 |     1 ||     2
    Use: Scroll            |       |     6 |    11 |       ||    17
         Potion            |       |       |     7 |     5 ||    12
 Armour: Leather armour    |    39 |    18 |   101 |   136 ||   294
         Chain mail        |       |       |       |     8 ||     8
  Dodge: Dodged            |    50 |    47 |   141 |    93 ||   331
